 Dungeon Crawl Stone Soup version 0.28.0-43-g3370ac3207 (webtiles) character file.

Game seed: 11070604129045748557

399 styxcanada the Covert (level 6, -1/31 HPs)
             Began as a Spriggan Brigand on Mar 8, 2022.
             Killed from afar by Sigmund (8 damage)
             ... with a magic dart
             ... on level 5 of the Dungeon on Mar 9, 2022.
             The game lasted 00:18:44 (5894 turns).

styxcanada the Covert (Spriggan Brigand)            Turns: 5894, Time: 00:18:45

Health: -1/31      AC:  3    Str:  7    XL:     6   Next: 54%
Magic:  6/9        EV: 17    Int: 19    God:
Gold:   122        SH:  5    Dex: 18    Spells: 6/7 levels left

rFire   . . .      SeeInvis +   a - +2 dagger (venom)
rCold   . . .      Faith    .   m - +0 buckler
rNeg    + . .      Spirit   .   b - +0 robe
rPois   .          Reflect  .   (helmet restricted)
rElec   .          Harm     .   c - +0 cloak
rCorr   .          Rampage  .   (gloves unavailable)
Will    +....                   (boots unavailable)
Stlth   ++++......              (no amulet)
HPRegen 0.10/turn               h - +6 ring of intelligence
MPRegen 0.11/turn               l - ring of positive energy

@: very quick
A: very small, no large weapons, unfitting armour, see invisible, speed 3
a: no special abilities


You were on level 5 of the Dungeon.
You visited 2 branches of the dungeon, and saw 6 of its levels.

You collected 122 gold pieces.

Inventory:

Hand Weapons
 a - a +2 dagger of venom (weapon)
Missiles
 i - 100 stones (quivered)
 n - a curare-tipped dart
 o - 17 sling bullets
Armour
 b - a +0 robe (worn)
 c - a +0 cloak (worn)
 g - +2 storm dragon scales
 m - a +0 buckler (worn)
Jewellery
 h - a +6 ring of intelligence (left hand)
 l - a ring of positive energy (right hand)
Scrolls
 d - a scroll of brand weapon
 j - 2 scrolls of immolation
Potions
 f - a potion of heal wounds
 k - a potion of haste
 p - a potion of curing


   Skills:
 * Level 2.3 Fighting
 + Level 3.3 Short Blades
 + Level 2.8 Throwing
 * Level 3.5 Dodging
 * Level 9.1 Stealth
 * Level 1.3 Spellcasting
 * Level 0.7 Conjurations


You had 6 spell levels left.
You knew the following spells:

 Your Spells              Type           Power      Damage    Failure   Level
a - Magic Dart            Conj           12%        1d3       30%         1

Your spell library contained the following spells:

 Spells                   Type           Power      Damage    Failure   Level
 Call Imp                 Summ           1%         N/A       52%         2
 Mephitic Cloud           Conj/Pois/Air  2%         N/A       73%         3


Dungeon Overview and Level Annotations

Branches:
Dungeon (5/15)             Temple (1/1) D:4

Altars:
Ashenzari
Cheibriados
Dithmenos
Elyvilon
Fedhas
Hepliaklqana
Kikubaaqudgha
Makhleb
Nemelex Xobeh
Okawaru
Qazlal
Sif Muna
Vehumet
Wu Jian
Xom
Zin

Shops:
D:1 :

Annotations:
D:5 Sigmund


Innate Abilities, Weirdness & Mutations

You are very small and have problems with some larger weapons.
You are too small for most types of armour.
You have supernaturally acute eyesight. (SInv)
You cover ground extremely quickly. (Speed+++)


Message History

Throw: 101 stones
Press: ? - help, Q - select action, (/) - cycle Shift-Dir - straight line, f/p - Sigmund
Aim: Sigmund, wielding a +0 scythe and wearing a +0 robe (heavily wounded, slightly transparent, very poisoned, 60% to hit)
You throw a stone. The stone barely misses Sigmund.
Sigmund hits you from afar with a +0 scythe!
* * * LOW HITPOINT WARNING * * *
Casting: Magic Dart (safe; 30% risk of failure)
Confirm with . or Enter, or press ? or * to list all spells.
Aiming: Magic Dart (safe; 30% risk of failure)
Press: ? - help, Shift-Dir - straight line, f/p - Sigmund
Aim: Sigmund, wielding a +0 scythe and wearing a +0 robe (heavily wounded, slightly transparent, very poisoned, 100% to hit)
The magic dart hits Sigmund but does no damage.
Sigmund is heavily wounded.
Unknown command.
Sigmund says, "Don't worry, I'll kill you fast."
Found 9 gold pieces.
Casting: Magic Dart (safe; 30% risk of failure)
Confirm with . or Enter, or press ? or * to list all spells.
Aiming: Magic Dart (safe; 30% risk of failure)
Press: ? - help, Shift-Dir - straight line, f/p - Sigmund
Aim: Sigmund, wielding a +0 scythe and wearing a +0 robe (severely wounded, slightly transparent, poisoned, 100% to hit)
The magic dart hits Sigmund.
Sigmund is severely wounded.
Casting: Magic Dart (safe; 30% risk of failure)
Confirm with . or Enter, or press ? or * to list all spells.
Aiming: Magic Dart (safe; 30% risk of failure)
Press: ? - help, Shift-Dir - straight line, f/p - Sigmund
Aim: Sigmund, wielding a +0 scythe and wearing a +0 robe (severely wounded, slightly transparent, poisoned, 100% to hit)
The magic dart hits Sigmund.
Sigmund is severely wounded.
Casting: Magic Dart (safe; 30% risk of failure)
Confirm with . or Enter, or press ? or * to list all spells.
Aiming: Magic Dart (safe; 30% risk of failure)
Press: ? - help, Shift-Dir - straight line, f/p - Sigmund
Aim: Sigmund, wielding a +0 scythe and wearing a +0 robe (severely wounded, slightly transparent, poisoned, 100% to hit)
The magic dart hits Sigmund.
Sigmund is severely wounded.
Sigmund gestures at you while chanting. The magic dart hits you!
You die...

#.......#
##.......#
#.......##
+.....@.#
#.......#
#.......#
#.......###+#
#.........$..
#....@.......
#............
#............
#.......#####
#.......#
#.......+
#.......#
###.....#


You could see Sigmund (invisible, poisoned).

Vanquished Creatures
  Edmund (D:4)
  A phantom (D:4)
  An orc priest (D:3)
  An iguana (D:4)
  A hound skeleton (D:4)
  A howler monkey skeleton (D:4)
  4 adders
  An ufetubus (D:4)
  An adder skeleton (D:4)
  2 worms
  A dart slug (D:1)
  5 orcs (D:3)
  4 endoplasms (D:1)
  3 giant cockroaches
  7 hobgoblins
  12 kobolds
  4 quokkas
  12 ball pythons
  4 bats
  3 frilled lizards
  7 goblins
  4 rats
80 creatures vanquished.

Vanquished Creatures (others)
  4 plants (D:2)
4 creatures vanquished.

Grand Total: 84 creatures vanquished

Notes
Turn   | Place    | Note
-------+----------+-------------------------------------------
     0 | D:1      | styxcanada the Spriggan Brigand began the quest for the
                  | Orb.
     0 | D:1      | Reached XP level 1. HP: 10/10 MP: 2/2
    51 | D:1      | Found Feam's Book Shoppe.
    83 | D:1      | Found a faded altar of an unknown god.
   138 | D:1      | Reached skill level 6 in Stealth
   216 | D:1      | Reached XP level 2. HP: 9/14 MP: 3/3
  1001 | D:1      | Reached skill level 7 in Stealth
  1140 | D:1      | Reached XP level 3. HP: 12/18 MP: 4/4
  2732 | D:3      | Reached XP level 4. HP: 23/23 MP: 5/5
  3526 | D:3      | Reached skill level 8 in Stealth
  3560 | D:3      | Reached XP level 5. HP: 6/26 MP: 6/6
  4310 | D:4      | Found a staircase to the Ecumenical Temple.
  4322 | Temple   | Entered the Ecumenical Temple
  4691 | D:4      | Learned a level 1 spell: Magic Dart
  4797 | D:4      | Noticed a phantom
  4804 | D:4      | Killed a phantom
  5179 | D:4      | Noticed Edmund
  5205 | D:4      | Killed Edmund
  5206 | D:4      | Reached skill level 9 in Stealth
  5206 | D:4      | Reached skill level 1 in Spellcasting
  5206 | D:4      | Reached XP level 6. HP: 31/31 MP: 5/8
  5758 | D:5      | Entered Level 5 of the Dungeon
  5765 | D:5      | Identified a scroll of acquirement
  5765 | D:5      | Acquired +2 storm dragon scales
  5837 | D:5      | Noticed Sigmund
  5894 | D:5      | Killed from afar by Sigmund

Illustrated notes

Levels and vault maps discovered:
D:1:      eino_arrival_water_cross, layout_basic,
          hellmonk_ecumenical_altar_leap_of_faith, serial_shops, shop,
          minmay_tetromino_l4
D:2:      layout_loops_corners, serial_forest, infiniplex_forest_diagonal,
          infiniplex_forest_lined_room_2, infiniplex_forest_clump_double,
          infiniplex_forest_lined_corner, infiniplex_forest_end_2
D:3:      minmay_recursive_quarters, layout_basic, serial_glass,
          glass_columns_a, glass_columns_c
D:4:      layout_basic, minmay_temple_entry_stoned_glass, uniq_edmund
D:5:      layout_gridville, nicolae_ru_path_of_blood, gup_sewer_entry_pipe,
          uniq_sigmund
Temple:   eino_temple_rhombus

Skill      XL: |  1  2  3  4  5 |
---------------+----------------+-----
Stealth        | 6 7 8 9 |  9.1
Dodging        | 2 3 |  3.5
Fighting       | 2 |  2.3
Short Blades   | 3 |  3.3
Spellcasting   | 1 |  1.3
Throwing       | |  2.8
Conjurations   | |  0.7

Action                   |  1- 3 |  4- 6 || total
-------------------------+-------+-------++-------
Melee: Dagger            |   107 |   125 ||   232
       Punch             |     3 |       ||     3
Throw: Dart              |    22 |    53 ||    75
       Stone             |       |     6 ||     6
 Cast: Magic Dart        |       |     8 ||     8
  Use: Scroll            |     2 |     7 ||     9
 Stab: Sleeping          |    12 |    15 ||    27
       Distracted        |     1 |       ||     1
Armor: Robe              |     8 |     7 ||    15
Dodge: Dodged            |    65 |    70 ||   135
